TOP OF THE 1ST |
Atlanta Braves batting - Pitching for New York Mets : LHP Enkei Wakamatsu
|
Pitching: LHP Enkei Wakamatsu
|
|
Batting: RHB Reilly Hawkins
|
0-0: Ground out 1-3 (Groundball, 15S, EV 68.8 MPH)
|
Batting: RHB Itsuo Egami
|
0-0: Ball 1-0: Foul Ball, location: 2F 1-1: Called Strike 1-2: Ball 2-2: Strikes out swinging
|
Batting: RHB Jeckel Hester
|
0-0: Ball 1-0: Called Strike 1-1: Foul Ball, location: 2F 1-2: Ball 2-2: SOLO HOME RUN (Flyball, 9D, EV 98.1 MPH), Distance : 397 ft
|
Batting: RHB Butch Kaiser
|
0-0: Called Strike 0-1: Ball 1-1: Swinging Strike 1-2: Ball 2-2: Ground out 6-3 (Groundball, 6S, EV 85.0 MPH)
|
Top of the 1st over - 1 run, 1 hit, 0 errors, 0 left on base; Atlanta 1 - New York 0 |
BOTTOM OF THE 1ST |
New York Mets batting - Pitching for Atlanta Braves : RHP Pimbly Nimblebottom
|
Pitching: RHP Pimbly Nimblebottom
|
|
Batting: SHB Javy Rosa
|
0-0: Called Strike 0-1: Foul Ball, location: 2F 0-2: Ball 1-2: Ball 2-2: SINGLE (Flyball, 4D, EV 85.6 MPH)
|
Batting: SHB Harry Hoop
|
0-0: Foul Ball, location: 2F 0-1: Ball 1-1: Foul Ball, location: 2F 1-2: Ground out U3 (Groundball, 3S, EV 66.9 MPH) Javy Rosa to second
|
Batting: SHB Nelle van den Berg
|
0-0: Ball 1-0: Foul Ball, location: 2F 1-1: Foul Ball, location: 2F 1-2: Ball 2-2: Foul Ball, location: 2F 2-2: SINGLE (Groundball, 6M, EV 103.8 MPH) (infield hit) Javy Rosa to third
|
Batting: SHB Sean Cook
|
0-0: Ball Nelle van den Berg is caught stealing 2nd base 2-6 1-0: Ball 2-0: Ball 3-0: Base on Balls
|
Batting: SHB Gus Berry
|
0-0: Ball 1-0: Ball 2-0: Ground out 4-3 (Groundball, 4, EV 86.3 MPH)
|
Bottom of the 1st over - 0 runs, 2 hits, 0 errors, 2 left on base; Atlanta 1 - New York 0 |
TOP OF THE 2ND |
Atlanta Braves batting - Pitching for New York Mets : LHP Enkei Wakamatsu
|
Batting: RHB Danny Miramontes
|
0-0: Ball 1-0: Swinging Strike 1-1: Ball 2-1: Ball 3-1: Swinging Strike 3-2: Foul Ball, location: 2F 3-2: Ground out 5-3 (Groundball, 56, EV 86.3 MPH)
|
Batting: RHB Liangde Li
|
0-0: Called Strike 0-1: Swinging Strike 0-2: Ball 1-2: Foul Ball, location: 2F 1-2: Ball 2-2: Foul Ball, location: 2F 2-2: Foul Ball, location: 2F 2-2: Foul Ball, location: 2F 2-2: Ball 3-2: Foul Ball, location: 2F 3-2: Fly out, F6 (Line Drive, 6, EV 69.4 MPH)
|
Batting: LHB Zack Berney
|
0-0: Swinging Strike 0-1: Swinging Strike 0-2: SINGLE (Groundball, 6S, EV 69.4 MPH) (infield hit)
|
Batting: RHB John Creel
|
0-0: Ball 1-0: Called Strike 1-1: Ball 2-1: 2-RUN HOME RUN (Flyball, 78XD, EV 98.8 MPH), Distance : 413 ft
|
Batting: LHB Colin Worthington
|
0-0: Foul Ball, location: 2F 0-1: DOUBLE (Groundball, 5L, EV 103.8 MPH)
|
Batting: RHB Reilly Hawkins
|
0-0: Foul Ball, location: 2F 0-1: Foul Ball, location: 2F 0-2: Foul Ball, location: 2F 0-2: Ball 1-2: Strikes out looking
|
Top of the 2nd over - 2 runs, 3 hits, 0 errors, 1 left on base; Atlanta 3 - New York 0 |
BOTTOM OF THE 2ND |
New York Mets batting - Pitching for Atlanta Braves : RHP Pimbly Nimblebottom
|
Batting: LHB Timo Gomez
|
0-0: Ball 1-0: SINGLE (Groundball, 6M, EV 97.5 MPH)
|
Batting: SHB Kaname Fujimoto
|
0-0: Ball Timo Gomez steals 2nd base 1-0: Fly out, F7 (Flyball, 7D, EV 91.3 MPH) Runner from 2nd tags up, SAFE at 3rd, no throw by LF
|
Batting: RHB Jeff Jank
|
0-0: Called Strike 0-1: Ball 1-1: Swinging Strike 1-2: Strikes out swinging
|
Batting: SHB Tomas Caldera
|
0-0: Ball Passed Ball! Timo Gomez scores 1-0: Foul Ball, location: 2F 1-1: Ball 2-1: Ball 3-1: SOLO HOME RUN (Flyball, 9LD, EV 96.3 MPH), Distance : 335 ft
|
Batting: SHB Javy Rosa
|
0-0: Called Strike 0-1: Fly out, F8 (Flyball, 8RM, EV 88.1 MPH)
|
Bottom of the 2nd over - 2 runs, 2 hits, 0 errors, 0 left on base; Atlanta 3 - New York 2 |
TOP OF THE 3RD |
Atlanta Braves batting - Pitching for New York Mets : LHP Enkei Wakamatsu
|
Batting: RHB Itsuo Egami
|
0-0: Called Strike 0-1: Bunt for hit to 25 - play at first, batter OUT! 5-3
|
Batting: RHB Jeckel Hester
|
0-0: Ball 1-0: Ball 2-0: Called Strike 2-1: Foul Ball, location: 2F 2-2: Ball 3-2: SINGLE (Groundball, 4MS, EV 69.4 MPH) (infield hit)
|
Batting: RHB Butch Kaiser
|
0-0: Ball 1-0: Ball 2-0: Ball Jeckel Hester steals 2nd base 3-0: Base on Balls
|
Batting: RHB Danny Miramontes
|
0-0: Ball Jeckel Hester steals 3rd base Butch Kaiser to second 1-0: Ball 2-0: Foul Ball, location: 2F 2-1: Called Strike 2-2: Foul Ball, location: 2F 2-2: Ground out 6-3 (Groundball, 6, EV 99.4 MPH) Jeckel Hester scores
|
Batting: RHB Liangde Li
|
0-0: Swinging Strike 0-1: Foul Ball, location: 2F 0-2: SINGLE (Groundball, 5S, EV 67.5 MPH) (infield hit) Butch Kaiser to third
|
Batting: LHB Zack Berney
|
0-0: Ball 1-0: SINGLE (Groundball, 56S, EV 71.3 MPH) (infield hit) Butch Kaiser scores Liangde Li to second
|
Batting: RHB John Creel
|
0-0: Called Strike 0-1: Foul Ball, location: 2F 0-2: Ball 1-2: Foul Ball, location: 2F 1-2: Ball 2-2: Foul Ball, location: 2F 2-2: Foul Ball, location: 2F 2-2: Ground out U3 (Groundball, 3, EV 103.1 MPH)
|
Top of the 3rd over - 2 runs, 3 hits, 0 errors, 2 left on base; Atlanta 5 - New York 2 |
BOTTOM OF THE 3RD |
New York Mets batting - Pitching for Atlanta Braves : RHP Pimbly Nimblebottom
|
Batting: SHB Harry Hoop
|
0-0: SINGLE (Flyball, 9S, EV 92.5 MPH)
|
Batting: SHB Nelle van den Berg
|
0-0: Swinging Strike 0-1: Called Strike 0-2: Ball 1-2: Foul Ball, location: 2F 1-2: DOUBLE (Line Drive, 78D, EV 106.9 MPH) Harry Hoop to third
|
Batting: SHB Sean Cook
|
0-0: 3-RUN HOME RUN (Line Drive, 89XD, EV 115.0 MPH), Distance : 418 ft
|
Batting: SHB Gus Berry
|
0-0: Ball 1-0: Ball 2-0: Ball 3-0: Base on Balls
|
Batting: LHB Timo Gomez
|
0-0: Called Strike 0-1: Ball 1-1: Foul Ball, location: 2F 1-2: Ball 2-2: Strikes out looking
|
Batting: SHB Kaname Fujimoto
|
0-0: Swinging Strike 0-1: Ball 1-1: Ball 2-1: Ball 3-1: Base on Balls Gus Berry to second
|
Pitching: RHP Victor Munoz
|
|
Batting: RHB Jeff Jank
|
0-0: Swinging Strike 0-1: Fly out, F8 (Line Drive, 8RM, EV 94.4 MPH)
|
Batting: SHB Tomas Caldera
|
0-0: Called Strike 0-1: Called Strike 0-2: Ground out 3-1 (Groundball, 13, EV 88.1 MPH)
|
Bottom of the 3rd over - 3 runs, 3 hits, 0 errors, 2 left on base; Atlanta 5 - New York 5 |
TOP OF THE 4TH |
Atlanta Braves batting - Pitching for New York Mets : LHP Enkei Wakamatsu
|
Batting: LHB Colin Worthington
|
0-0: Called Strike 0-1: Called Strike 0-2: Ball 1-2: Ball 2-2: Strikes out swinging
|
Batting: RHB Reilly Hawkins
|
0-0: Called Strike 0-1: Ball 1-1: Called Strike 1-2: Strikes out swinging
|
Batting: RHB Itsuo Egami
|
0-0: Ball 1-0: Foul Ball, location: 2F 1-1: Ball 2-1: SINGLE (Line Drive, 4MD, EV 108.8 MPH)
|
Pitching: RHP Victor Morin
|
|
Batting: RHB Jeckel Hester
|
0-0: Called Strike 0-1: Ball 1-1: Ball 2-1: Ball 3-1: Fly out, F3 (Popup, 23, EV 78.8 MPH)
|
Top of the 4th over - 0 runs, 1 hit, 0 errors, 1 left on base; Atlanta 5 - New York 5 |
BOTTOM OF THE 4TH |
New York Mets batting - Pitching for Atlanta Braves : RHP Victor Munoz
|
Batting: SHB Javy Rosa
|
0-0: Ball 1-0: Fly out, F9 (Flyball, 9LS, EV 85.0 MPH)
|
Batting: SHB Harry Hoop
|
0-0: SOLO HOME RUN (Flyball, 9D, EV 96.9 MPH), Distance : 379 ft
|
Batting: SHB Nelle van den Berg
|
0-0: Foul Ball, location: 2F 0-1: Ball 1-1: SOLO HOME RUN (Flyball, 78XD, EV 105.0 MPH), Distance : 389 ft
|
Batting: SHB Sean Cook
|
0-0: Called Strike 0-1: Called Strike 0-2: Ball 1-2: Ground out 4-3 (Groundball, 4M, EV 106.3 MPH)
|
Batting: SHB Gus Berry
|
0-0: Called Strike 0-1: Ball 1-1: Called Strike 1-2: Fly out, F2 (Popup, 23F, EV 78.8 MPH)
|
Bottom of the 4th over - 2 runs, 2 hits, 0 errors, 0 left on base; Atlanta 5 - New York 7 |
TOP OF THE 5TH |
Atlanta Braves batting - Pitching for New York Mets : RHP Victor Morin
|
Batting: RHB Butch Kaiser
|
0-0: Foul Ball, location: 2F 0-1: Ball 1-1: Called Strike 1-2: Strikes out looking
|
Batting: RHB Danny Miramontes
|
0-0: Ball 1-0: Ball 2-0: Ball 3-0: Called Strike 3-1: Foul Ball, location: 2F 3-2: Base on Balls
|
Batting: RHB Liangde Li
|
0-0: Ball 1-0: Called Strike 1-1: Ball 2-1: Swinging Strike 2-2: Foul Ball, location: 2F 2-2: Strikes out swinging
|
Batting: LHB Zack Berney
|
0-0: Foul Ball, location: 2F 0-1: Foul Ball, location: 2F 0-2: Foul Ball, location: 2F 0-2: Foul Ball, location: 2F 0-2: Foul Ball, location: 2F 0-2: Ball 1-2: Strikes out looking
|
Top of the 5th over - 0 runs, 0 hits, 0 errors, 1 left on base; Atlanta 5 - New York 7 |
BOTTOM OF THE 5TH |
New York Mets batting - Pitching for Atlanta Braves : RHP Victor Munoz
|
Batting: LHB Timo Gomez
|
0-0: Ball 1-0: Ball 2-0: Called Strike 2-1: Swinging Strike 2-2: Foul Ball, location: 2F 2-2: Ball 3-2: Strikes out swinging
|
Batting: SHB Kaname Fujimoto
|
0-0: Ball 1-0: Ball 2-0: Swinging Strike 2-1: Fly out, F6 (Line Drive, 6, EV 62.5 MPH)
|
Batting: RHB Jeff Jank
|
0-0: Ball 1-0: Ball 2-0: Ground out U3 (Groundball, 34, EV 106.3 MPH)
|
Bottom of the 5th over - 0 runs, 0 hits, 0 errors, 0 left on base; Atlanta 5 - New York 7 |
TOP OF THE 6TH |
Atlanta Braves batting - Pitching for New York Mets : RHP Victor Morin
|
Pitching: LHP Sam Schrecengost
|
|
Batting: RHB John Creel
|
0-0: Ball 1-0: Foul Ball, location: 2F 1-1: Ball 2-1: Fly out, F8 (Flyball, 8RM, EV 96.9 MPH)
|
Batting: LHB Colin Worthington
|
0-0: Ball 1-0: Called Strike 1-1: SOLO HOME RUN (Flyball, 9D, EV 102.5 MPH), Distance : 389 ft
|
Batting: RHB Reilly Hawkins
|
0-0: Ball 1-0: Ball 2-0: Swinging Strike 2-1: Ball 3-1: Called Strike 3-2: Base on Balls
|
Batting: RHB Itsuo Egami
|
0-0: SINGLE (Line Drive, 4D, EV 103.1 MPH) Reilly Hawkins to second
|
Batting: RHB Jeckel Hester
|
0-0: Ball 1-0: Called Strike 1-1: Ball 2-1: Foul Ball, location: 2F 2-2: Foul Ball, location: 2F 2-2: Fielders Choice at 2nd, 6-4 (Groundball, 6, EV 86.9 MPH) Reilly Hawkins to third
|
Batting: RHB Butch Kaiser
|
0-0: Called Strike 0-1: Foul Ball, location: 2F 0-2: Ball 1-2: Strikes out swinging
|
Top of the 6th over - 1 run, 2 hits, 0 errors, 2 left on base; Atlanta 6 - New York 7 |
BOTTOM OF THE 6TH |
New York Mets batting - Pitching for Atlanta Braves : RHP Victor Munoz
|
Pitching: RHP Marcos Tejeda
|
|
Batting: SHB Tomas Caldera
|
0-0: Ball 1-0: Ground out 6-3 (Groundball, 6, EV 111.3 MPH)
|
Batting: SHB Javy Rosa
|
0-0: Called Strike 0-1: Ball 1-1: Ball 2-1: Swinging Strike 2-2: Foul Ball, location: 2F 2-2: Ground out U3 (Groundball, 3L, EV 101.9 MPH)
|
Batting: SHB Harry Hoop
|
0-0: Ball 1-0: SINGLE (Line Drive, 6MD, EV 107.5 MPH)
|
Batting: SHB Nelle van den Berg
|
0-0: Ball Harry Hoop steals 2nd base 1-0: Called Strike 1-1: DOUBLE (Flyball, 8LXD, EV 95.6 MPH) Harry Hoop scores
|
Batting: SHB Sean Cook
|
0-0: Ball 1-0: Ball 2-0: Ball 3-0: Base on Balls
|
Batting: SHB Gus Berry
|
0-0: Ball 1-0: Called Strike 1-1: Foul Ball, location: 2F 1-2: Strikes out swinging
|
Bottom of the 6th over - 1 run, 2 hits, 0 errors, 2 left on base; Atlanta 6 - New York 8 |
TOP OF THE 7TH |
Atlanta Braves batting - Pitching for New York Mets : LHP Sam Schrecengost
|
Pitching: RHP Justin Howard
|
|
Batting: RHB Danny Miramontes
|
0-0: Called Strike 0-1: Ball 1-1: Ball 2-1: Called Strike 2-2: Foul Ball, location: 2F 2-2: Strikes out swinging
|
Batting: RHB Liangde Li
|
0-0: Ball 1-0: Ball 2-0: Called Strike 2-1: Swinging Strike 2-2: Strikes out swinging
|
Batting: LHB Zack Berney
|
0-0: Called Strike 0-1: Ball 1-1: Called Strike 1-2: SINGLE (Groundball, 4, EV 97.5 MPH)
|
Batting: RHB John Creel
|
0-0: Foul Ball, location: 2F 0-1: Called Strike 0-2: Strikes out swinging
|
Top of the 7th over - 0 runs, 1 hit, 0 errors, 1 left on base; Atlanta 6 - New York 8 |
BOTTOM OF THE 7TH |
New York Mets batting - Pitching for Atlanta Braves : RHP Marcos Tejeda
|
Batting: LHB Timo Gomez
|
0-0: Ball 1-0: Ball 2-0: Ball 3-0: Called Strike 3-1: Base on Balls
|
Batting: SHB Kaname Fujimoto
|
0-0: Ball 1-0: Bunt missed! 1-1: Ball Timo Gomez steals 2nd base 2-1: Bunt - Flyout to 23! F3
|
Batting: RHB Jeff Jank
|
0-0: Intentional Walk
|
Batting: SHB Tomas Caldera
|
0-0: Ball 1-0: Ball Wild Pitch! Timo Gomez to third Jeff Jank to second 2-0: Ball 3-0: Base on Balls
|
Batting: SHB Javy Rosa
|
0-0: Foul Ball, location: 2F 0-1: Ball 1-1: Foul Ball, location: 2F 1-2: Foul Ball, location: 2F 1-2: Fly out, F8 (Flyball, 8RXD, EV 111.3 MPH) Runner from 3rd tags up, SCORES, no throw by CF Jeff Jank to third
|
Batting: SHB Harry Hoop
|
0-0: Ball 1-0: Foul Ball, location: 2F 1-1: Ball 2-1: Called Strike 2-2: Ball 3-2: 3-RUN HOME RUN (Line Drive, 7D, EV 93.1 MPH), Distance : 360 ft
|
Pitching: RHP Adam Bonawitz
|
|
Batting: SHB Nelle van den Berg
|
0-0: Ball 1-0: Ball 2-0: Ball 3-0: Base on Balls
|
Batting: SHB Sean Cook
|
0-0: Called Strike 0-1: DOUBLE (Line Drive, 3D, EV 96.3 MPH) Nelle van den Berg to third
|
Batting: SHB Gus Berry
|
0-0: Swinging Strike 0-1: Called Strike 0-2: Fly out, F5 (Popup, 15, EV 75.0 MPH)
|
Bottom of the 7th over - 4 runs, 2 hits, 0 errors, 2 left on base; Atlanta 6 - New York 12 |
TOP OF THE 8TH |
Atlanta Braves batting - Pitching for New York Mets : RHP Justin Howard
|
Batting: LHB Colin Worthington
|
0-0: Ball 1-0: Called Strike 1-1: Ball 2-1: Called Strike 2-2: Foul Ball, location: 2F 2-2: Foul Ball, location: 2F 2-2: Ball 3-2: Foul Ball, location: 2F 3-2: SINGLE (Groundball, 34D, EV 96.9 MPH)
|
Pinch Hitting: LHB Tom Best
|
0-0: Ball 1-0: Ball 2-0: Ball 3-0: Base on Balls Colin Worthington to second
|
Batting: RHB Itsuo Egami
|
0-0: Ball 1-0: Ball 2-0: Foul Ball, location: 2F 2-1: Ball 3-1: Base on Balls Colin Worthington to third Tom Best to second
|
Batting: RHB Jeckel Hester
|
0-0: Called Strike 0-1: DOUBLE (Flyball, 89D, EV 87.5 MPH) Colin Worthington scores Tom Best scores Itsuo Egami to third Runner from 3rd tries for Home, SAFE, throw by RF to trailing runner, OUT at third! 9-3-5
|
Pitching: LHP Xu-gang Zhou
|
|
Batting: RHB Butch Kaiser
|
0-0: Called Strike 0-1: Foul Ball, location: 2F 0-2: Ball 1-2: Ground out 4-3 (Groundball, 34, EV 85.6 MPH)
|
Batting: RHB Danny Miramontes
|
0-0: Ball 1-0: Ball 2-0: Swinging Strike 2-1: Foul Ball, location: 2F 2-2: Ball 3-2: Foul Ball, location: 2F 3-2: Foul Ball, location: 2F 3-2: Ground out 4-3 (Groundball, 34, EV 89.4 MPH)
|
Top of the 8th over - 3 runs, 2 hits, 0 errors, 0 left on base; Atlanta 9 - New York 12 |
BOTTOM OF THE 8TH |
New York Mets batting - Pitching for Atlanta Braves : RHP Adam Bonawitz
|
Now at 3B: Tom Beckman
|
|
Batting: LHB Timo Gomez
|
0-0: Foul Ball, location: 2F 0-1: Ball 1-1: Swinging Strike 1-2: Strikes out looking
|
Batting: SHB Kaname Fujimoto
|
0-0: Swinging Strike 0-1: Foul Ball, location: 2F 0-2: SINGLE (Line Drive, 8RS, EV 105.6 MPH)
|
Batting: RHB Jeff Jank
|
0-0: Ball Kaname Fujimoto steals 2nd base 1-0: Intentional Walk
|
Batting: SHB Tomas Caldera
|
0-0: Ball 1-0: Fly out, F9 (Flyball, 9D, EV 100.0 MPH) Runner from 2nd tags up, SAFE at 3rd, no throw by RF
|
Batting: SHB Javy Rosa
|
0-0: Called Strike 0-1: Ball 1-1: Ball 2-1: Ball 3-1: Base on Balls Jeff Jank to second
|
Batting: SHB Harry Hoop
|
0-0: Ball 1-0: Fly out, F7 (Flyball, 78D, EV 100.0 MPH)
|
Bottom of the 8th over - 0 runs, 1 hit, 0 errors, 3 left on base; Atlanta 9 - New York 12 |
TOP OF THE 9TH |
Atlanta Braves batting - Pitching for New York Mets : LHP Xu-gang Zhou
|
Pitching: RHP Ron Hawkins
|
|
Now at C: Scott Bartholomew
|
|
Batting: RHB Liangde Li
|
0-0: Ball 1-0: Ball 2-0: Foul Ball, location: 2F 2-1: Ball 3-1: Called Strike 3-2: Base on Balls
|
Batting: LHB Zack Berney
|
0-0: Called Strike 0-1: Ball 1-1: Ball 2-1: Foul Ball, location: 2F 2-2: DOUBLE (Line Drive, 5D, EV 97.5 MPH) Liangde Li to third
|
Pinch Hitting: LHB Seth Cook
|
0-0: Swinging Strike 0-1: Ball 1-1: Ground out 6-3 (Groundball, P, EV 91.9 MPH) Liangde Li scores Zack Berney to third
|
Batting: LHB Colin Worthington
|
0-0: Ball Wild Pitch! Zack Berney scores 1-0: Ball 2-0: Called Strike 2-1: SINGLE (Groundball, 4MS, EV 68.8 MPH) (infield hit)
|
Batting: RHB Tom Beckman
|
0-0: Swinging Strike 0-1: Ball 1-1: Foul Ball, location: 2F 1-2: Foul Ball, location: 2F 1-2: Foul Ball, location: 2F 1-2: SINGLE (Groundball, 4MD, EV 98.1 MPH) Colin Worthington to second
|
Batting: RHB Itsuo Egami
|
0-0: Ball 1-0: Called Strike 1-1: Ground out 5-3 (Groundball, 5, EV 110.6 MPH) Colin Worthington to third Tom Beckman to second
|
Batting: RHB Jeckel Hester
|
0-0: Ball 1-0: Foul Ball, location: 2F 1-1: Foul Ball, location: 2F 1-2: Strikes out looking
|
Top of the 9th over - 2 runs, 3 hits, 0 errors, 2 left on base; Atlanta 11 - New York 12 |
|